 Dungeon Crawl Stone Soup version 0.32-a0-928-g1cae6b7ea0 (webtiles) character file.

Game seed: 13856102717615155332

283 Alarak the Shooter (level 6, -4/44 HPs)
             Began as a Coglin Hunter on Apr 12, 2024.
             Killed from afar by Dowan (27 damage)
             ... with a shard of ice
             ... on level 4 of the Dungeon.
             The game lasted 00:04:38 (2703 turns).

Alarak the Shooter (Coglin Hunter)                  Turns: 2703, Time: 00:04:42

Health: -4/44      AC:  9    Str: 11    XL:     6   Next: 28%
Magic:  6/6        EV:  9    Int:  9    God:
Gold:   140        SH:  0    Dex: 19    Spells: 5/5 levels left

rFire   . . .        a - +3 sling {Rodica}
rCold   . . .        d - +0 sling {Jaspreet}
rNeg    . . .        l - +1 ring mail
rPois   .            k - +0 helmet
rElec   .            e - +0 cloak
rCorr   .            (no gloves)
SInv    .            j - +0 pair of boots
Will    .....        (amulet unavailable)
Stlth   +            (ring unavailable)
HPRegen 0.27/turn    (ring unavailable)
MPRegen 0.10/turn    (no gizmo)

%: no passive effects
@: revved
A: off-hand wielding, slow wielding, warmup strikes, no jewellery
a: Invent Gizmo


You were on level 4 of the Dungeon.
You visited 1 branch of the dungeon, and saw 4 of its levels.

You collected 140 gold pieces.

Inventory:

Hand Weapons
 a - a +3 sling (weapon) {Rodica}
 d - a +0 sling (offhand) {Jaspreet}
Armour
 e - a +0 cloak (worn)
 j - a +0 pair of boots (worn)
 k - a +0 helmet (worn)
 l - a +1 ring mail (worn)
Scrolls
 b - a scroll of butterflies
 c - a scroll of fear
 i - 2 scrolls of identify
 o - a scroll of revelation
Potions
 f - a potion of enlightenment {unknown}
 g - 2 potions of heal wounds {unknown}
 m - a potion of degeneration {unknown}
 n - a potion of mutation {unknown}
 p - a potion of brilliance {unknown}


   Skills:
 - Level 2.0 Fighting
 + Level 6.7 Ranged Weapons
 - Level 1.7 Dodging
 - Level 0.7 Stealth


You had 5 spell levels left.
You didn't know any spells.
Your spell library contained the following spells:

 Spells                   Type           Power      Damage    Failure   Level
 Apportation              Tloc           0%         N/A       69%         1
 Necrotise                Necr           0%         1d4       69%         1
 Sting                    Conj/Alch      0%         1d3       69%         1
 Summon Small Mammal      Summ           0%         N/A       69%         1


Dungeon Overview and Level Annotations

Branches:
Dungeon (4/15)
 Temple: D:4-7

Altars:

Shops:
D:1 *

Annotations:
D:4 Dowan


Innate Abilities, Weirdness & Mutations

You can wield a second weapon in your off-hand.
It takes a long time for you to wield or remove held weapons.
Your first few attacks do less damage.
You cannot equip rings or amulets.


Message History

Duvessa is severely wounded.
Duvessa barely misses you.
You shoot a sling bullet. The sling bullet barely misses Duvessa.
You shoot a sling bullet. The sling bullet hits Duvessa.
Duvessa is almost dead.
Duvessa completely misses you.
Dowan smirks and points a slender finger.
Duvessa hits you with a +0 short sword of draining.
You feel drained.
Dowan casts a spell.
Dowan blinks!
You shoot a sling bullet.
The sling bullet hits Duvessa but does no damage.
Duvessa is almost dead.
You shoot a sling bullet.
The sling bullet hits Duvessa but does no damage.
Duvessa is almost dead.
Duvessa hits you with a +0 short sword of draining.
You feel drained.
You shoot a sling bullet. The sling bullet hits Duvessa!
You kill Duvessa!
Dowan screams, "No!
No!"
Dowan seems to find hidden reserves of power!
You shoot a sling bullet. The sling bullet barely misses Dowan.
Your life force feels restored.
You have reached level 6!
You shoot a sling bullet. The sling bullet closely misses Dowan.
You shoot a sling bullet. The sling bullet barely misses Dowan.
You shoot a sling bullet. The sling bullet hits Dowan.
Dowan is lightly wounded.
You shoot a sling bullet. The sling bullet hits Dowan.
Dowan is moderately wounded.
Dowan hits you with a +0 dagger. Dowan hits you but does no damage.
You shoot a sling bullet. The sling bullet closely misses Dowan.
You shoot a sling bullet. The sling bullet hits Dowan!
Dowan is severely wounded.
Dowan points at you and mumbles some strange words.
The shard of ice hits you!!
Ouch! That really hurt!
You die...

#.................
#####........[........
...................#..
.##.#...###........#..
#...................
...##.#..#####..##......
.[..........##..##......
...##.#..#### ..##......
#.#@.# .# #..e.#
.....)... ....).)......
......)......#
..(...#$.#####
.#.##.#..# .. ......


You could see Dowan (fast).

Vanquished Creatures
  Duvessa (D:4)
  A hound (D:4)
  An orc priest (D:4)
  2 adders
  4 gnolls (D:4)
  A dart slug (D:1)
  An orc (D:3)
  9 endoplasms
  4 giant cockroaches
  4 goblins
  5 hobgoblins
  4 jackals (D:1)
  7 kobolds
  3 quokkas
  5 ball pythons
  8 bats
  2 frilled lizards
  6 rats
68 creatures vanquished.

Notes
Turn   | Place    | Note
-------+----------+-------------------------------------------
     0 | D:1      | Alarak the Coglin Hunter began the quest for the Orb.
     0 | D:1      | Reached XP level 1. HP: 16/16 MP: 1/1
    86 | D:1      | Reached skill level 4 in Ranged Weapons
    86 | D:1      | Reached XP level 2. HP: 20/22 MP: 2/2
   331 | D:1      | Reached XP level 3. HP: 27/27 MP: 3/3
   399 | D:1      | Found Laupso's Assorted Antiques.
  1303 | D:2      | Reached skill level 5 in Ranged Weapons
  1303 | D:2      | Reached XP level 4. HP: 33/33 MP: 4/4
  2175 | D:3      | Found a faded altar of an unknown god.
  2670 | D:4      | Reached XP level 5. HP: 38/38 MP: 5/5
  2686 | D:4      | Noticed Dowan
  2687 | D:4      | Noticed Duvessa
  2689 | D:4      | Reached skill level 6 in Ranged Weapons
  2700 | D:4      | Killed Duvessa
  2701 | D:4      | Reached XP level 6. HP: 26/44 MP: 6/6
  2703 | D:4      | Killed from afar by Dowan

Illustrated notes

Levels and vault maps discovered:
D:1:      dreamdust_arrival_beginning_and_end, layout_loops_corners,
          serial_shops, shop
D:2:      layout_basic, minmay_pentomino_x4
D:3:      layout_loops_ring, ebering_ecumenical_altar_webs
D:4:      layout_basic, minmay_temple_entry_proselytizer, minivault_4,
          uniq_duvessa, uniq_ijyb

Skill      XL: |  1  2  3  4  5 |
---------------+----------------+-----
Ranged Weapons | 4 5 6 |  6.7
Fighting       | |  2.0
Dodging        | |  1.7
Stealth        | |  0.7

Action                     |  1- 3 |  4- 6 || total
---------------------------+-------+-------++-------
   Fire: Sling             |   150 |   146 ||   296
    Use: Scroll            |     5 |     6 ||    11
         Potion            |       |     1 ||     1
 Armour: Leather armour    |     8 |     8 ||    16
         Ring mail         |       |    13 ||    13
  Dodge: Dodged            |    10 |    12 ||    22

Table legend: (Time is in decaauts)
 A = Elapsed time spent in this place.
 B = Non-inter-level travel time spent in this place.
 C = Inter-level travel time spent in this place.
 D = Time resting spent in this place.
 E = Time spent auto-exploring this place.
 F = Levels seen in this place.
 G = Mean time per level.
                   A        B        C        D        E       F      G
               +--------+--------+--------+--------+--------+-----+--------+
         Total |   2735 |   2539 |    196 |    262 |   1914 |   4 |  683.8 |
       Dungeon |   2735 |   2539 |    196 |    262 |   1914 |   4 |  683.8 |
               +--------+--------+--------+--------+--------+-----+--------+

Top non-repeatable levels by time:
     D:3: 974 daAuts
     D:1: 957 daAuts
     D:2: 719 daAuts
     D:4: 84 daAuts
